 Dungeon Crawl Stone Soup version 0.19.4-9-g45fd643 (webtiles) character file.

321835 nikopol the Executioner (level 20, -29/184 HPs)
             Began as a Minotaur Berserker on Feb 21, 2017.
             Was the Champion of Trog.
             Killed from afar by Xtahua (85 damage)
             ... with a searing blast
             ... on level 4 of the Vaults on Feb 22, 2017.
             The game lasted 03:41:14 (53075 turns).

nikopol the Executioner (Minotaur Berserker)       Turns: 53075, Time: 03:41:14

Health: -29/184    AC: 26    Str: 27      XL:     20   Next: 65%
Magic:  0/19       EV: 19    Int:  8      God:    Trog [******]
Gold:   3162       SH:  0    Dex: 15 (16) Spells: 0 memorised, 19 levels left

rFire  . . .     SeeInvis .     z - +9 longbow (freeze)
rCold  + + .     Gourm    .     J - +1 chain mail "Ytiheam" {Regen+ rCorr Int+4}
rNeg   . . .     Faith    .     (shield currently unavailable)
rPois  +         Spirit   +     Z - +2 hat
rElec  .         Reflect  .     L - +2 cloak {rC+}
rCorr  +         Harm     .     M - +0 pair of gloves
MR     +....                    r - +0 pair of boots
Stlth  ..........               h - amulet of guardian spirit
                                K - ring of poison resistance
                                E - ring of protection from cold

@: marked, very slightly contaminated
A: retaliatory headbutt, hooves 2, horns 2, molten scales 1, deterioration 1,
strong 1
a: Berserk, Trog's Hand, Brothers in Arms, Burn Spellbooks, Renounce Religion
}: 2/15 runes: barnacled, gossamer


You were on level 4 of the Vaults.
You worshipped Trog.
Trog was exalted by your worship.
You were hungry.

You visited 7 branches of the dungeon, and saw 36 of its levels.
You also visited: Ossuary and Ice Cave.

You collected 4591 gold pieces.
You spent 1429 gold pieces at shops.

Inventory:

Hand Weapons
 a - a +7 antimagic battleaxe
 g - a +3 antimagic executioner's axe
 u - a +2 battleaxe of freezing
 z - a +9 longbow of freezing (weapon)
Missiles
 e - 834 arrows (quivered)
Armour
 r - a +0 pair of boots (worn)
 J - the +1 chain mail "Ytiheam" (worn) {Regen+ rCorr Int+4}
   (You found it on level 5 of the Lair of Beasts)

   It affects your intelligence (+4).
   It increases your rate of regeneration.
   It protects you from acid and corrosion.
 L - a +2 cloak of cold resistance (worn)
 M - a +0 pair of gloves (worn)
 Z - a +2 hat (worn)
Jewellery
 h - an amulet of guardian spirit (around neck)
 E - a ring of protection from cold (left hand)
 I - an uncursed ring of resist corrosion
 K - a ring of poison resistance (right hand)
Wands
 n - a wand of polymorph (10/24)
 p - a wand of heal wounds (2/9)
 A - a wand of disintegration (18/24)
 C - a wand of teleportation (5/9)
 Q - a wand of digging (8/24)
 T - a wand of heal wounds (3/9)
 V - a wand of acid (7/15)
Scrolls
 d - 5 scrolls of fog
 i - 8 scrolls of recharging
 j - 19 scrolls of identify
 o - 5 scrolls of enchant weapon
 q - 5 scrolls of enchant armour
 t - 6 scrolls of blinking
 y - 7 scrolls of teleportation
 F - 9 scrolls of fear
 G - 17 scrolls of remove curse
 O - a scroll of brand weapon {unknown}
 R - a scroll of silence
 S - 3 scrolls of summoning
 U - 5 scrolls of magic mapping
Potions
 l - 5 potions of heal wounds
 m - 4 potions of agility
 s - a potion of flight
 v - 10 potions of curing
 w - a potion of cure mutation
 D - 14 potions of might
 N - 2 potions of haste
 W - 6 potions of ambrosia
 X - 5 potions of resistance
Comestibles
 b - 3 beef jerkies
 c - 11 bread rations
 k - 14 meat rations
 x - 17 fruits
 H - a royal jelly
 P - 11 slices of pizza


   Skills:
 + Level 17.1 Fighting
 * Level 22.6 Axes
 * Level 19.8 Bows
 + Level 17.6 Armour
 + Level 16.5 Dodging


You had 19 spell levels left.
You didn't know any spells.

Dungeon Overview and Level Annotations

Branches:
Dungeon (15/15)            Temple (0/1) D:4            Lair (6/6) D:10
 Shoals (4/4) Lair:3       Spider (4/4) Lair:2        Slime (0/5) Lair:6
    Orc (2/2) D:9             Elf (1/3) Orc:2        Vaults (4/5) D:14
  Crypt (0/3) Vaults:2     Depths (0/5) D:15

Altars:
Ashenzari
Vehumet
Xom
The Shining One
Beogh
Jiyva

Shops:
D:10 (   D:11 %*   Orc:2 *:[(   Shoals:3 [

Annotations:
Elf:1 Aizul
Vaults:4 Xtahua


Innate Abilities, Weirdness & Mutations

You reflexively headbutt those who attack you in melee.
You have a pair of horns on your head.
You have hoof-like feet.
You are partially covered in molten scales. (AC +2)
Your body sometimes deteriorates upon taking damage.
Your muscles are strong. (Str +2)


Message History

You are feeling hungry.
Firing (i - inventory):
e - 837 arrows (quivered)
Press: ? - help, Shift-Dir - straight line, f - Xtahua
Aim: Xtahua You shoot an arrow.
The arrow hits Xtahua!!
The arrow freezes Xtahua!
Xtahua is moderately wounded.
Firing (i - inventory):
e - 836 arrows (quivered)
Press: ? - help, Shift-Dir - straight line, f/p - Xtahua
Aim: Xtahua (moderately wounded)
You shoot an arrow. The arrow barely misses Xtahua.
Firing (i - inventory):
e - 835 arrows (quivered)
Press: ? - help, Shift-Dir - straight line, f - red ugly thing, p - Xtahua
Aim: a red ugly thing (moderately wounded)
You shoot an arrow. The arrow hits the red ugly thing!!
The arrow freezes the red ugly thing.
The red ugly thing is severely wounded.
Xtahua breathes flames at you.
The searing blast hits your stone giant.
The searing blast hits you!
You die...

#......(#######
#......c..c...c
#......(..#####
###########......u..+
..#.......#.........#
..#.....#.#.........#
#.#...#...#........^#
......#.#.#.........#
..)...#...+.....@...#
###'#######.....C####
...))# #......#
..)..# #.....D#
)..))# #.....(#
....)# #......#
.....# #......#
...=[# #.....(#
.....# #......#


You could see Xtahua, a red ugly thing, 2 yaktaurs and a friendly stone giant
(berserk).

Vanquished Creatures
  Bai Suzhen (Vaults:4)
  Nikola (Spider:1)
  A lich (Vaults:3)
  Rupert (D:14)
  A sphinx (Vaults:4)
  Polyphemus (Shoals:2)
  A kraken (Shoals:2)
  Gastronok (D:12)
  Ilsuiw (Shoals:4)
  A fire giant (Vaults:4)
  7 ghost moths
  A deep elf sorcerer (Vaults:3)
  2 frost giants
  The ghost of Agrougrou the Blocker, a journeyman OgFi of Okawaru (D:15)
  7 vault wardens
  Louise (Shoals:3)
  An orc warlord (Orc:2)
  5 ironheart preservers
  3 emperor scorpions (Spider:4)
  A stone giant (shapeshifter) (Vaults:3)
  3 stone giants
  3 entropy weavers
  7 very ugly things
  A deep elf demonologist (Vaults:2)
  2 spark wasps (Spider:1)
  2 deep elf annihilators (Vaults:3)
  4 merfolk javelineers
  7 merfolk impalers
  Snorg (Lair:6)
  4 ettins
  3 fire dragons
  3 great orbs of eyes (Vaults:2)
  An ice dragon (Vaults:2)
  3 vault guards
  5 yaktaur captains
  6 hydras
  2 rakshasas
  2 merfolk avatars (Shoals:2)
  2 death knights (Vaults:2)
  7 centaur warriors
  4 ogre magi
  2 alligator snapping turtles
  Erica (D:11)
  A catoblepas (Shoals:2)
  A deep troll earth mage (Vaults:2)
  A dancing weapon (Orc:2)
  12 merfolk aquamancers
  3 tengu warriors
  7 death yaks
  A satyr (Shoals:3)
  6 orc high priests
  3 deep elf knights
  Urug (D:14)
  A storm dragon zombie (Vaults:3)
  10 skeletal warriors
  2 shadow wraiths
  5 deep trolls (Vaults:2)
  12 sea snakes
  4 unseen horrors
  A wizard (Vaults:3)
  A glowing orange brain (Vaults:2)
  24 harpies
  A shadow dragon zombie (D:15)
  11 ironbrand convokers
  2 flayed ghosts
  5 deep elf magi
  14 orc knights
  5 hill giants
  5 deep elf archers
  12 fauns
  42 ugly things
  6 necromancers
  25 wolf spiders
  16 orb spiders
  7 orc sorcerers
  An iron dragon skeleton (D:15)
  5 moths of wrath
  14 manticores
  A wolf spider zombie (D:12)
  10 cyclopes
  10 elephants
  A fire giant zombie (Vaults:2)
  A salamander (shapeshifter) (D:15)
  13 sirens
  A fire giant skeleton (Vaults:4)
  10 vault sentinels
  3 stone giant skeletons
  2 ice statues (IceCv)
  6 water nymphs
  4 black mambas
  A human skeleton (Vaults:2)
  2 centaur skeletons (D:15)
  A spriggan zombie (D:15)
  26 spiny frogs
  19 komodo dragons
  2 yaktaur zombies
  3 kobold demonologists (D:11)
  13 demonic crawlers
  22 yaktaurs
  3 tengu conjurers
  2 freezing wraiths (Vaults:4)
  An entropy weaver simulacrum (Vaults:2)
  4 wind drakes
  31 jumping spiders
  14 polar bears
  12 trolls
  40 merfolk
  12 hornets
  4 tyrant leeches (Lair:6)
  A shadow dragon simulacrum (Vaults:3)
  A wind drake (shapeshifter) (Vaults:1)
  13 two-headed ogres
  12 dream sheep
  A hornet (shapeshifter) (Vaults:2)
  16 slime creatures
  7 snapping turtles
  A sphinx simulacrum (Vaults:3)
  21 blink frogs
  12 hippogriffs
  A frost giant simulacrum (Vaults:3)
  A stone giant simulacrum (Vaults:1)
  A deep troll skeleton (D:15)
  2 human simulacra
  A shadow (D:14)
  70 redbacks
  18 water elementals
  4 wraiths
  A vampire (D:15)
  52 yaks
  A basilisk (shapeshifter) (Vaults:1)
  A tarantella (shapeshifter) (D:14)
  4 basilisks
  17 humans
  7 wyverns
  4 hogs (D:7)
  40 tarantellas
  A golden eye (shapeshifter) (D:13)
  The ghost of vatarom the Shield-Bearer, an amateur FoFi (D:3)
  4 vampire mosquitoes (Lair:6)
  A hungry ghost (D:13)
  8 wargs
  3 mottled dragons
  A yaktaur simulacrum (Vaults:3)
  A soldier ant (D:15)
  An ogre zombie (Vaults:1)
  A hell hound (shapeshifter) (Vaults:2)
  14 porcupines
  Duvessa (D:6)
  12 water moccasins
  An eye of draining (D:12)
  15 ice beasts
  An ettin simulacrum (Vaults:3)
  4 sky beasts
  A black bear (D:6)
  56 orc warriors
  28 ogres
  A phantom (D:12)
  15 boggarts
  25 wolves
  25 centaurs
  12 crocodiles
  An elf zombie (Ossuary)
  3 human zombies
  29 bullfrogs
  4 big kobolds
  A wyvern zombie (D:13)
  A glowing shapeshifter simulacrum (Vaults:2)
  A water moccasin zombie (D:6)
  Dowan (D:6)
  4 scorpions
  A hornet simulacrum (Vaults:1)
  2 wyvern skeletons
  5 killer bees
  16 wights
  14 electric eels
  2 howler monkeys
  5 crimson imps
  A bullfrog zombie (D:13)
  2 centaur zombies
  2 quasits
  14 hounds
  2 jellies
  3 bullfrog skeletons
  28 orc priests
  26 orc wizards
  Jessica (D:3)
  Ijyb (D:3)
  3 iguanas
  6 worker ants
  2 killer bee zombies
  A bullfrog simulacrum (D:10)
  A big kobold zombie (Ossuary)
  5 hound zombies
  A hound skeleton (D:9)
  4 mummies (Ossuary)
  Robin (D:3)
  3 gnolls (D:9)
  16 adders
  A hound simulacrum (D:10)
  4 shadow imps
  A white imp (D:10)
  2 ufetubi (D:10)
  An ooze (D:7)
  3 adder zombies
  A worm (D:4)
  3 adder skeletons
  4 leopard geckos
  An orc (shapeshifter) (Vaults:2)
  139 orcs
  6 giant cockroaches
  A gnoll zombie (Ossuary)
  10 goblins
  14 hobgoblins
  6 jackals
  9 quokkas
  A ball python (D:3)
  7 bats
  5 frilled lizards
  A giant cockroach zombie (D:6)
  2 goblin zombies (Ossuary)
  A jackal zombie (Ossuary)
  32 kobolds
  A kobold zombie (Ossuary)
  An orc zombie (Ossuary)
  3 quokka skeletons
  2 rats
  A rat zombie (Ossuary)
  4 fungi
  38 plants
  4 tentacles (Shoals:2)
  5 withered plants (D:15)
1725 creatures vanquished.

Vanquished Creatures (collateral kills)
  A merfolk impaler (Shoals:3)
  A merfolk avatar (Shoals:3)
  A sea snake (Shoals:3)
  3 orb spiders
  A faun (Shoals:3)
  A wolf spider (Spider:4)
  A water nymph (Shoals:3)
  A siren (Shoals:3)
  A demonic crawler (Spider:1)
  2 merfolk (Shoals:3)
  2 redbacks
  5 tarantellas
  2 water elementals (Shoals:3)
22 creatures vanquished.

Vanquished Creatures (others)
  2 harpies (Shoals:3)
  A wolf spider (Spider:4)
  A water elemental (D:13)
  An orc (Orc:2)
  A bush (Lair:5)
  12 fungi
  42 plants
  5 tentacles (Shoals:2)
65 creatures vanquished.

Grand Total: 1812 creatures vanquished

Notes
Turn   | Place    | Note
-------+----------+-------------------------------------------
     0 | D:1      | nikopol the Minotaur Berserker began the quest for the Orb.
     0 | D:1      | Reached XP level 1. HP: 19/19 MP: 0/0
   324 | D:1      | Reached XP level 2. HP: 24/27 MP: 1/1
   681 | D:2      | Reached ** piety under Trog
   848 | D:2      | Reached skill level 4 in Axes
  1321 | D:3      | Reached XP level 3. HP: 30/33 MP: 2/2
  1340 | D:3      | Noticed vatarom's ghost (amateur FoFi)
  1346 | D:3      | Killed vatarom's ghost
  1346 | D:3      | Reached XP level 4. HP: 37/41 MP: 1/3
  1346 | D:3      | Reached XP level 5. HP: 43/47 MP: 1/4
  1686 | D:3      | Reached skill level 5 in Axes
  1697 | D:3      | Reached skill level 5 in Fighting
  1701 | D:3      | Reached XP level 6. HP: 52/56 MP: 5/5
  1741 | D:3      | Noticed Ijyb
  1745 | D:3      | Noticed Robin
  1751 | D:3      | Killed Ijyb
  1753 | D:3      | Reached *** piety under Trog
  1754 | D:3      | Killed Robin
  1929 | D:3      | Noticed Jessica
  1938 | D:3      | Killed Jessica
  2404 | D:4      | Found a staircase to the Ecumenical Temple.
  2453 | D:4      | Reached skill level 5 in Armour
  2453 | D:4      | Reached XP level 7. HP: 62/62 MP: 6/6
  2851 | D:5      | Entered Level 5 of the Dungeon
  2900 | D:5      | Reached skill level 5 in Dodging
  2911 | D:5      | Reached **** piety under Trog
  3090 | D:5      | Reached skill level 6 in Axes
  3483 | D:6      | Found a radiant altar of Vehumet.
  3869 | D:6      | Reached XP level 8. HP: 57/71 MP: 5/7
  3917 | D:6      | Noticed Dowan
  3919 | D:6      | Noticed Duvessa
  3926 | D:6      | Killed Duvessa
  3929 | D:6      | Killed Dowan
  3948 | D:6      | Reached skill level 7 in Axes
  4963 | D:7      | Reached skill level 8 in Axes
  4963 | D:7      | Reached XP level 9. HP: 81/81 MP: 8/8
  5126 | D:7      | Reached skill level 1 in Bows
  5239 | D:7      | Reached skill level 9 in Axes
  5411 | D:7      | Received a gift from Trog
  5428 | D:7      | Reached ***** piety under Trog
  5577 | D:8      | Found a sand-covered staircase.
  5581 | Ossuary  | Entered an ossuary
  6289 | D:8      | Found a glowing golden altar of the Shining One.
  6303 | D:8      | Found a shattered altar of Ashenzari.
  6484 | D:9      | Paralysed by a hornet for 2 turns
  6488 | D:9      | Reached XP level 10. HP: 90/90 MP: 7/9
  6492 | D:9      | Found a staircase to the Orcish Mines.
  6783 | D:9      | Reached skill level 10 in Axes
  6838 | D:9      | Reached skill level 5 in Bows
  7210 | D:10     | Entered Level 10 of the Dungeon
  7395 | D:10     | Noticed a hill giant
  7401 | D:10     | Killed a hill giant
  7727 | D:10     | Found a staircase to the Lair.
  7966 | D:10     | Reached skill level 11 in Axes
  7992 | D:10     | Found Zedd's Weapon Shop.
  8589 | D:10     | Reached XP level 11. HP: 73/97 MP: 7/10
  9182 | Lair:1   | Entered Level 1 of the Lair of Beasts
  9798 | Lair:1   | Reached ****** piety under Trog
 10576 | Lair:2   | Noticed a five-headed hydra
 10590 | Lair:2   | Killed a six-headed hydra
 10590 | Lair:2   | Reached skill level 10 in Fighting
 10590 | Lair:2   | Reached skill level 12 in Axes
 10590 | Lair:2   | Reached skill level 10 in Armour
 10816 | Lair:2   | Received a gift from Trog
 10908 | Lair:2   | HP: 5/100 [poisoned by a black mamba]
 10910 | Lair:2   | HP: 2/100 [poisoned by a black mamba]
 11348 | Lair:2   | Found a hole to the Spider Nest.
 12069 | Lair:3   | Found a staircase to the Shoals.
 12147 | Lair:3   | Reached XP level 12. HP: 107/107 MP: 11/11
 12913 | Lair:4   | Noticed an eight-headed hydra
 12918 | Lair:4   | Killed an eight-headed hydra
 12960 | Lair:4   | Reached skill level 10 in Dodging
 12966 | Lair:4   | Reached skill level 13 in Axes
 13191 | Lair:4   | Reached skill level 10 in Bows
 14434 | Lair:4   | Received a gift from Trog
 15013 | Lair:5   | Got a distressingly furry chain mail
 15024 | Lair:5   | Identified the +1 chain mail "Ytiheam" {Regen+ rCorr Int+4} (You found it on level 5 of the Lair of Beasts)
 15371 | Lair:5   | Reached XP level 13. HP: 116/116 MP: 12/12
 15404 | Lair:5   | Got a bound bone ring
 15478 | Lair:5   | Reached skill level 14 in Axes
 16101 | Lair:6   | Entered Level 6 of the Lair of Beasts
 16401 | Lair:6   | Identified the ring of Badulud {Fire +Fly} (You found it on level 5 of the Lair of Beasts)
 16813 | Lair:6   | Reached skill level 15 in Axes
 16818 | Lair:6   | Received a gift from Trog
 16887 | Lair:6   | Noticed Snorg
 16900 | Lair:6   | Killed Snorg
 17394 | Lair:6   | Reached XP level 14. HP: 123/126 MP: 11/13
 17497 | Lair:6   | Found a staircase to the Slime Pits.
 17498 | Lair:6   | Found a viscous altar of Jiyva.
 18148 | Orc:1    | Entered Level 1 of the Orcish Mines
 18213 | Orc:1    | Received a gift from Trog
 18567 | Orc:1    | Received a gift from Trog
 19100 | Orc:2    | Entered Level 2 of the Orcish Mines
 19196 | Orc:1    | HP: 8/190 [orc knight/dire flail (12)]
 19511 | Orc:2    | Found a staircase to the Elven Halls.
 19536 | Orc:2    | Found Neluper's Antique Armour Shoppe.
 19691 | Orc:2    | Bought a bloodstained plate armour for 672 gold pieces
 19712 | Orc:2    | Found Tubues's Antique Weapon Boutique.
 19836 | Orc:1    | Identified the +1 plate armour of a wizard's laboratory {Str+3 Dex-2 SInv Stlth+} (You bought it in a shop on level 2 of the Orcish Mines)
 19880 | Orc:2    | Received a gift from Trog
 19975 | Orc:2    | Bought a runed war axe for 323 gold pieces
 20102 | Orc:2    | Received a gift from Trog
 20502 | Orc:2    | Found a roughly hewn altar of Beogh.
 20561 | Orc:2    | Noticed an orc warlord
 20601 | Orc:2    | Reached skill level 16 in Axes
 20612 | Orc:2    | Killed an orc warlord
 21065 | Orc:2    | Found Kexaig's Book Shop.
 21188 | Orc:2    | Found Sityoh's General Store.
 21462 | D:11     | Noticed Erica
 21466 | D:11     | Killed Erica
 21567 | D:11     | Found Vaithuhua's Antique Artefacts.
 21574 | D:11     | Bought a sparkling jade amulet for 155 gold pieces
 21574 | D:11     | Bought a crude scale mail for 279 gold pieces
 21574 | D:11     | Identified the amulet "Nufyhack" {Harm *Drain rPois Int+2} (You bought it in a shop on level 11 of the Dungeon)
 21585 | D:11     | Identified the +0 scale mail of Compression {MR+} (You bought it in a shop on level 11 of the Dungeon)
 21849 | D:11     | Received a gift from Trog
 22067 | D:11     | Received a gift from Trog
 22091 | D:11     | Found Zeojith's Food Shop.
 23171 | D:12     | Noticed Gastronok
 23186 | D:12     | Killed Gastronok
 23246 | D:12     | Reached XP level 15. HP: 134/134 MP: 14/14
 23657 | D:13     | Received a gift from Trog
 23680 | D:13     | Got a transparent broad axe {god gift}
 23681 | D:13     | Identified the +4 broad axe of Asaaxiulen {drain, *Corrode rF++ Int-2 Dex+4} (Trog gifted it to you on level 13 of the Dungeon)
 23754 | D:13     | Found a roughly hewn altar of Beogh.
 23960 | D:13     | Got a brightly glowing scale mail
 24047 | D:13     | Identified the +1 scale mail of Fuoryot {Int+3} (You found it on level 13 of the Dungeon)
 24830 | D:14     | Received a gift from Trog
 24879 | D:14     | Noticed Rupert
 24884 | D:14     | Noticed Urug
 24897 | D:14     | Killed Rupert
 24899 | D:14     | Found a gate to the Vaults.
 24902 | D:14     | Killed Urug
 24966 | D:14     | Found a frozen archway.
 24977 | IceCv    | Entered an ice cave
 24987 | IceCv    | Reached skill level 17 in Axes
 25418 | IceCv    | Received a gift from Trog
 25454 | IceCv    | Noticed a frost giant
 25473 | IceCv    | Killed a frost giant
 26424 | D:14     | Found a shimmering altar of Xom.
 26425 | D:14     | Found a shimmering altar of Xom.
 26432 | D:14     | Found a shimmering altar of Xom.
 26432 | D:14     | Found a shimmering altar of Xom.
 27400 | D:15     | Entered Level 15 of the Dungeon
 27456 | D:15     | Received a gift from Trog
 28021 | D:15     | Found a staircase to the Depths.
 28239 | D:15     | Reached skill level 15 in Bows
 28239 | D:15     | Reached XP level 16. HP: 109/144 MP: 15/15
 28358 | D:15     | Noticed Agrougrou's ghost (journeyman OgFi)
 28377 | D:15     | Killed Agrougrou's ghost
 29168 | Spider:1 | Entered Level 1 of the Spider Nest
 29339 | Spider:1 | Received a gift from Trog
 29692 | Spider:1 | Reached skill level 18 in Axes
 29728 | Spider:1 | Noticed Nikola
 29761 | Spider:1 | Killed Nikola
 30120 | Spider:2 | Received a gift from Trog
 31666 | Spider:2 | Gained mutation: You have large cloven feet. [potion of beneficial mutation]
 31667 | Spider:2 | Gained mutation: You have hoof-like feet. [potion of beneficial mutation]
 31668 | Spider:2 | Gained mutation: You are partially covered in molten scales. (AC +2) [potion of beneficial mutation]
 32627 | Spider:3 | Received a gift from Trog
 33111 | Spider:3 | Received a gift from Trog
 33592 | Spider:4 | Entered Level 4 of the Spider Nest
 33697 | Spider:4 | Received a gift from Trog
 34471 | Spider:4 | Reached XP level 17. HP: 107/154 MP: 0/16
 34641 | Spider:4 | Reached skill level 19 in Axes
 34641 | Spider:4 | Reached skill level 15 in Armour
 34861 | Spider:4 | Received a gift from Trog
 35497 | Spider:4 | Lost intelligence.
 35508 | Spider:4 | HP: 11/231 [poisoned by a ghost moth]
 36000 | Spider:4 | Lost intelligence.
 36044 | Spider:4 | Received a gift from Trog
 36409 | Spider:4 | Lost intelligence.
 37296 | Spider:4 | Got a gossamer rune of Zot
 37436 | Spider:4 | Lost intelligence.
 37494 | Spider:2 | Lost intelligence.
 37927 | D:10     | Lost intelligence.
 37994 | Elf:1    | Entered Level 1 of the Elven Halls
 37994 | Elf:1    | Noticed Aizul
 38380 | Orc:2    | Lost intelligence.
 38901 | Shoals:1 | Entered Level 1 of the Shoals
 39361 | Shoals:1 | Reached skill level 15 in Fighting
 39365 | Shoals:1 | Received a gift from Trog
 39672 | Shoals:2 | Noticed Polyphemus
 39952 | Shoals:2 | Killed Polyphemus
 40190 | Shoals:2 | Received a gift from Trog
 40917 | Shoals:2 | Noticed a kraken
 40939 | Shoals:2 | Killed a kraken
 41203 | Shoals:2 | Reached skill level 20 in Axes
 41302 | Shoals:3 | Noticed Louise
 41342 | Shoals:2 | Received a gift from Trog
 41405 | Shoals:3 | Found Oleffoqo's Antique Armour Emporium.
 41648 | Shoals:3 | Received a gift from Trog
 41659 | Shoals:3 | Reached XP level 18. HP: 158/163 MP: 15/17
 41727 | Shoals:3 | Killed Louise
 42024 | Shoals:3 | Received a gift from Trog
 42062 | Shoals:3 | Received a gift from Trog
 42454 | Shoals:3 | Received a gift from Trog
 43172 | Shoals:4 | Entered Level 4 of the Shoals
 43376 | Shoals:4 | Got a brightly glowing chain mail
 43389 | Shoals:4 | Identified the +4 chain mail "Yzuurub" {*Contam rN++ MR- Str+9} (You found it on level 4 of the Shoals)
 43452 | Shoals:4 | Gained mutation: Your body sometimes deteriorates upon taking damage. [mutagenic glow]
 43598 | Shoals:4 | Noticed Ilsuiw
 43601 | Shoals:4 | Reached skill level 15 in Dodging
 44033 | Shoals:4 | Received a gift from Trog
 44146 | Shoals:4 | Killed Ilsuiw
 44732 | Shoals:4 | Got a barnacled rune of Zot
 45077 | Shoals:4 | Got a glittering tin ring
 45079 | Shoals:4 | Identified the ring of Japihugi {Wiz rPois rF+ rN+ Str-5} (You found it on level 4 of the Shoals)
 45755 | Vaults:1 | Entered Level 1 of the Vaults
 45988 | Vaults:1 | Received a gift from Trog
 46052 | Vaults:1 | Reached skill level 21 in Axes
 46373 | Vaults:1 | Received a gift from Trog
 46405 | Vaults:1 | Gained mutation: Your muscles are strong. (Str +2) [potion of beneficial mutation]
 46498 | Vaults:1 | Reached XP level 19. HP: 172/172 MP: 6/18
 46560 | Vaults:1 | Paralysed by a great orb of eyes for 7 turns
 47733 | Vaults:2 | Received a gift from Trog
 48128 | Vaults:2 | Lost intelligence.
 48779 | Vaults:2 | Found a staircase to the Crypt.
 49754 | Vaults:2 | Received a gift from Trog
 51159 | Vaults:3 | Received a gift from Trog
 51163 | Vaults:3 | Reached XP level 20. HP: 180/182 MP: 19/19
 51176 | Vaults:3 | Reached skill level 22 in Axes
 52041 | Vaults:3 | Received a gift from Trog
 52311 | Vaults:4 | Noticed Bai Suzhen
 52330 | Vaults:4 | Killed Bai Suzhen
 52518 | Vaults:4 | Received a gift from Trog
 53022 | Vaults:4 | Received a gift from Trog
 53071 | Vaults:4 | Noticed Xtahua
 53075 | Vaults:4 | Killed from afar by Xtahua

Skill      XL: |  1  2  3  4  5  6  7  8  9 10 11 12 13 14 15 16 17 18 19 20 |
---------------+-------------------------------------------------------------+-----
Axes           | 4 5 6 8 9 11 12 13 15 16 17 18 20 21 22 | 22.6
Fighting       | 4 5 6 7 8 9 10 11 12 13 14 15 16 17 | 17.1
Armour         | 3 4 5 6 7 8 9 10 11 12 13 14 15 16 17 | 17.6
Dodging        | 3 4 5 6 7 8 9 10 11 12 13 14 15 16 | 16.5
Bows           | 4 6 9 10 12 13 15 16 17 18 19 | 19.8

Action                   |  1- 3 |  4- 6 |  7- 9 | 10-12 | 13-15 | 16-18 | 19-21 || total
-------------------------+-------+-------+-------+-------+-------+-------+-------++-------
Melee: Hand axe          |    72 |    82 |   261 |   356 |       |       |       ||   771
       Headbutt          |     8 |    17 |    59 |   121 |   219 |   249 |   146 ||   819
       Battleaxe         |       |       |    27 |   170 |   817 |   886 |   440 ||  2340
       Shortbow          |       |       |       |       |     2 |     1 |       ||     3
 Fire: Shortbow          |       |       |    83 |   370 |  1017 |   674 |       ||  2144
       Longbow           |       |       |       |       |       |   609 |   553 ||  1162
Invok: Berserk           |     1 |     2 |     1 |     3 |     8 |     5 |     1 ||    21
       Burn Spellbooks   |       |       |       |     4 |     5 |     3 |       ||    12
       Trog's Hand       |       |       |       |     1 |       |     3 |       ||     4
       Brothers in Arms  |       |       |       |       |       |     6 |     1 ||     7
Evoke: Wand              |       |       |       |       |       |     6 |       ||     6
  Use: Scroll            |       |     4 |    13 |    13 |     9 |    18 |     1 ||    58
       Potion            |       |       |       |     1 |     3 |    21 |       ||    25
  Eat: Chunk             |     1 |     6 |    13 |    30 |    44 |    51 |    21 ||   166
       Beef jerky        |       |       |       |     2 |     2 |     3 |       ||     7
       Fruit             |       |       |       |       |       |     5 |       ||     5
       Royal jelly       |       |       |       |       |       |     5 |       ||     5
Armor: Ring mail         |    24 |       |       |       |       |       |       ||    24
       Scale mail        |     7 |    33 |   142 |   193 |       |       |       ||   375
       Chain mail        |       |       |       |     5 |   459 |   420 |   201 ||  1085
       Swamp dragon scal |       |       |       |       |       |   262 |       ||   262
Dodge: Dodged            |    44 |    52 |   186 |   371 |   679 |  1158 |   394 ||  2884
